 Dungeon Crawl Stone Soup version 0.31-a0-237-g2d982f9f85 (webtiles) character file.

Game seed: 15601284348457484086

4857 Gargoyl the Protected (level 10, -6/64 HPs)
             Began as a Gargoyle Berserker on July 11, 2023.
             Was a Believer of Trog.
             Mangled by a hellwing (7 damage)
             ... on level 9 of the Dungeon on July 14, 2023.
             The game lasted 00:10:29 (7160 turns).

Gargoyl the Protected (Gargoyle Berserker)          Turns: 7160, Time: 00:10:30

Health: -6/64      AC:  2    Str: 22    XL:     10   Next: 50%
Magic:  10/10      EV: 10    Int:  7    God:    Trog [**....]
Gold:   380        SH:  0    Dex: 13    Spells: 9/9 levels left

rFire   + . .        f - +3 war axe
rCold   + . .        (no shield)
rNeg    + . .        k - +0 chain mail
rPois   ∞            (no helmet)
rElec   +            j - +0 cloak
rCorr   .            (no gloves)
SInv    .            c - +1 pair of boots {Stlth+}
Will    ++...        (no amulet) Stlth
                     h - ring of protection from cold
HPRegen 1.30/turn    e - ring of protection from fire
MPRegen 0.12/turn

%: no passive effects
@: strong-willed, corroded, on berserk cooldown, regenerating, slowed, studying
Armour, very slow
A: sickness immunity, AC +7, negative energy resistance 1, electricity
resistance, torment resistance 1, petrification resistance
a: Renounce Religion, Berserk, Trog's Hand


You were on level 9 of the Dungeon.
You worshipped Trog.
Trog was pleased with you.
You visited 1 branch of the dungeon, and saw 9 of its levels.

You collected 380 gold pieces.

Inventory:

Hand Weapons
 a - a +0 hand axe of protection
 f - a +3 war axe (weapon)
Missiles
 m - 11 poisoned darts (quivered)
Armour
 c - a +1 pair of boots of stealth (worn)
 g - a +0 pair of boots
 j - a +0 cloak (worn)
 k - a +0 chain mail (worn)
Jewellery
 e - a ring of protection from fire (right hand)
 h - a ring of protection from cold (left hand)
 i - a ring of flight
Wands
 p - a wand of roots (12)
 q - a wand of paralysis (8)
Scrolls
 d - 5 scrolls of teleportation
 w - a scroll of identify
Potions
 b - 2 potions of might
 l - 2 potions of enlightenment
 n - a potion of invisibility
 o - 3 potions of curing
 r - a potion of resistance
 t - a potion of magic
 u - 2 potions of haste


   Skills:
 + Level 7.8 Fighting
 + Level 10.1 Axes
 + Level 0.2 Throwing
 + Level 10.2 Armour
 + Level 3.6 Dodging
 + Level 2.0 Stealth


You had 9 spell levels left.
You didn't know any spells.
Your spell library was empty.

Dungeon Overview and Level Annotations

Branches:
Dungeon (9/15)             Temple (0/1) D:5
   Lair: D:8-11         Orc: D:9-12

Altars:
Cheibriados
Sif Muna
Vehumet
Xom
The Shining One

Shops:
D:4 :(


Innate Abilities, Weirdness & Mutations

You are immune to sickness and miasma.
Your stone body is resilient. (AC +7)
You are immune to poison.
You resist negative energy. (rN+)
You are resistant to electric shocks. (rElec)
You are resistant to unholy torment.
You are immune to petrification.


Message History

Okay, then.
You are confused.
You feel invigorated. The hellwing hits you!
* * * LOW HITPOINT WARNING * * *
The hellwing barely misses you.
Unknown command.
The hellwing swoops through the air toward you!
The hellwing hits you.
* * * LOW HITPOINT WARNING * * *
The hellwing hits you.
* * * LOW HITPOINT WARNING * * *
The hellwing barely misses you. The hellwing hits you.
* * * LOW HITPOINT WARNING * * *
Unknown command.
The hellwing barely misses you. The hellwing hits you.
* * * LOW HITPOINT WARNING * * *
Unknown command.
The hellwing hits you.
* * * LOW HITPOINT WARNING * * *
The hellwing hits you.
* * * LOW HITPOINT WARNING * * *
Unknown command.
Unknown command.
You feel less invigorated.
You feel less confused.
The hellwing hits you but does no damage.
The hellwing closely misses you. x2; The hellwing hits you.
* * * LOW HITPOINT WARNING * * *
Unknown command.
Unknown command.
The hellwing misses you. The hellwing hits you.
* * * LOW HITPOINT WARNING * * *
Unknown command.
Okay, then.
Your skin crawls.
You feel strong-willed. The hellwing hits you!
* * * LOW HITPOINT WARNING * * *
The hellwing hits you!
You die...

§##... #§...+##
####### . ##≈.....
#.....# .###......
#.....# #.S......
#.....# .#......
###'#####
.......######.......#
..........!....4@...#
..............(.....#
$...................#
....................#
#######+#...........#
#...##+##)......#
#.......'.......#
#.......#.......#
#######'#.......#


You could see a hellwing.

Vanquished Creatures
  A two-headed ogre (D:9)
  Pikel (D:6)
  A rust devil (D:9)
  A komodo dragon (D:7)
  A troll (D:7)
  5 water moccasins
  2 orc warriors (D:8)
  2 black bears
  A sky beast (D:6)
  An ogre (D:6)
  3 centaurs
  A phantom (D:5)
  4 bullfrogs
  A scorpion (D:5)
  10 wights (D:8)
  3 howler monkeys
  4 hounds
  A gnoll bouda (D:8)
  An orc priest (D:4)
  2 sleepcaps
  3 iguanas
  6 orc wizards
  6 adders
  9 gnolls
  3 river rats (D:4)
  2 shadow imps
  2 white imps
  7 worms
  2 dart slugs
  17 orcs
  6 endoplasms
  2 giant cockroaches
  5 goblins
  13 hobgoblins
  2 quokkas
  6 ball pythons
  5 bats
  2 frilled lizards (D:1)
  7 kobolds
  5 rats
156 creatures vanquished.

Notes
Turn   | Place    | Note
-------+----------+-------------------------------------------
     0 | D:1      | Gargoyl the Gargoyle Berserker began the quest for the Orb.
     0 | D:1      | Reached XP level 1. HP: 14/14 MP: 1/1
   143 | D:1      | Reached XP level 2. HP: 13/19 MP: 2/2
   557 | D:1      | You fall into a shaft and drop 1 floor!
   559 | D:2      | Found a snail-covered altar of Cheibriados.
   805 | D:2      | Reached XP level 3. HP: 23/23 MP: 3/3
   911 | D:2      | Noticed a floating eye
   913 | D:2      | Identified the +8 sling of Zoxiatog {elec, Fly rElec rF+
                  | Str+4}
   922 | D:2      | Noticed a shining eye
   924 | D:2      | Found a faded altar of an unknown god.
   926 | D:2      | Noticed a shining eye
   926 | D:2      | Noticed a great orb of eyes
  1347 | D:3      | Reached XP level 4. HP: 29/29 MP: 4/4
  1901 | D:3      | Found a glowing golden altar of the Shining One.
  1914 | D:3      | Reached skill level 1 in Stealth
  2201 | D:4      | Found Vueq's Weapon Shop.
  2243 | D:4      | Reached XP level 5. HP: 19/33 MP: 5/5
  2415 | D:4      | Reached ** piety under Trog
  2553 | D:4      | Found Ris Qocu's Book Boutique.
  2719 | D:4      | Reached XP level 6. HP: 18/38 MP: 6/6
  2917 | D:4      | Found a radiant altar of Vehumet.
  3411 | D:5      | Entered Level 5 of the Dungeon
  3430 | D:5      | Noticed a water moccasin
  3476 | D:5      | Killed a water moccasin
  3477 | D:5      | Reached skill level 5 in Axes
  3477 | D:5      | Reached XP level 7. HP: 21/44 MP: 7/7
  3851 | D:5      | Found a staircase to the Ecumenical Temple.
  4079 | D:5      | Reached skill level 5 in Fighting
  4280 | D:6      | Noticed Pikel
  4287 | D:6      | Reached XP level 8. HP: 49/49 MP: 8/8
  4291 | D:6      | Killed Pikel
  4292 | D:6      | Reached skill level 5 in Armour
  4705 | D:6      | Found a shimmering blue altar of Sif Muna.
  4735 | D:6      | Found a shimmering altar of Xom.
  4790 | D:6      | Identified a scroll of acquirement
  4790 | D:6      | Acquired a manual of Armour
  4870 | D:6      | Reached XP level 9. HP: 41/55 MP: 9/9
  5630 | D:7      | Noticed a komodo dragon
  5638 | D:7      | Killed a komodo dragon
  6008 | D:7      | Noticed a troll
  6023 | D:7      | Killed a troll
  6504 | D:8      | Reached XP level 10. HP: 49/63 MP: 10/10
  7042 | D:9      | Noticed a two-headed ogre
  7055 | D:9      | Killed a two-headed ogre
  7056 | D:9      | Reached skill level 10 in Axes
  7056 | D:9      | Reached skill level 10 in Armour
  7119 | D:9      | Noticed a rust devil
  7146 | D:9      | Killed a rust devil
  7152 | D:9      | HP: 2/64 [hellwing (13)]
  7160 | D:9      | HP: 1/64 [hellwing (8)]
  7160 | D:9      | Mangled by a hellwing

Illustrated notes

Levels and vault maps discovered:
D:1:      eino_arrival_water_star, layout_loops_ring
D:2:      layout_rooms, basic_altar, hellmonk_ecumenical_altar_watching_god
D:3:      layout_loops_corners, tso_altar
D:4:      layout_cave_pods, lemuel_crystal_altar, lightli_sewer_entry_pipes,
          serial_shops, nicolae_book_shop_shelving, nicolae_shop_waterfront,
          amcnicky_mini_rare_corridor_liquid, hellmonk_no_cap
D:5:      layout_loops_cross, minmay_temple_entry_trees
D:6:      layout_basic, mainiacjoe_overflow_two_lobes,
          chequers_serial_rivers_micro_c, kennysheep_opposing_triangles,
          uniq_pikel
D:7:      layout_cave_pods, hangedman_abyss_or_decor_lesser_grid,
          kennysheep_path_1, kennysheep_big_empty_room
D:8:      layout_rooms
D:9:      layout_gridville, nicolae_where_there's_smoke

Skill      XL: |  1  2  3  4  5  6  7  8  9 10 |
---------------+-------------------------------+-----
Axes           | 3 4 5 6 7 9 10 | 10.1
Dodging        | 2 3 |  3.6
Stealth        | 1 2 |  2.0
Armour         | 3 4 6 9 10 | 10.2
Fighting       | 4 5 7 |  7.8
Throwing       | |  0.2

Action                     |  1- 3 |  4- 6 |  7- 9 | 10-12 || total
---------------------------+-------+-------+-------+-------++-------
  Melee: Hand axe          |    95 |   299 |   265 |       ||   659
         Punch             |       |     6 |     7 |       ||    13
         War axe           |       |       |    27 |    86 ||   113
  Throw: Dart              |       |       |       |     3 ||     3
 Invoke: Berserk           |     1 |     3 |     6 |     2 ||    12
         Trog's Hand       |       |     3 |     3 |     3 ||     9
    Use: Scroll            |     6 |     2 |    11 |     3 ||    22
         Potion            |       |     1 |       |     2 ||     3
   Stab: Sleeping          |     3 |       |       |       ||     3
 Armour: Animal skin       |    30 |       |       |       ||    30
         Ring mail         |    50 |    14 |       |       ||    64
         Chain mail        |       |   211 |   280 |    61 ||   552
  Dodge: Dodged            |    81 |   146 |   176 |    73 ||   476

Table legend: (Time is in decaauts)
 A = Elapsed time spent in this place.
 B = Non-inter-level travel time spent in this place.
 C = Inter-level travel time spent in this place.
 D = Time resting spent in this place.
 E = Time spent auto-exploring this place.
 F = Levels seen in this place.
 G = Mean time per level.
                   A        B        C        D        E       F      G
               +--------+--------+--------+--------+--------+-----+--------+
         Total |   7308 |   7032 |    276 |    198 |   5007 |   9 |  812.0 |
       Dungeon |   7308 |   7032 |    276 |    198 |   5007 |   9 |  812.0 |
               +--------+--------+--------+--------+--------+-----+--------+

Top non-repeatable levels by time:
     D:4: 1297 daAuts
     D:7: 1108 daAuts
     D:6: 1018 daAuts
     D:3: 1013 daAuts
     D:5: 884 daAuts
     D:1: 744 daAuts
     D:8: 639 daAuts
     D:2: 457 daAuts
     D:9: 146 daAuts
